 Dungeon Crawl Stone Soup version 0.28.0-53-g5a82cb258f (webtiles) character file.

Game seed: 16223891636068072450

791 tizbic2 the Stinger (level 7, -1/62 HPs)
             Began as a Naga Venom Mage on Aug 6, 2022.
             Was a Priest of Lugonu.
             Killed from afar by Maggie (3 damage)
             ... with a bolt of fire
             ... on level 6 of the Dungeon.
             The game lasted 00:24:49 (4040 turns).

tizbic2 the Stinger (Naga Venom Mage)               Turns: 4040, Time: 00:24:52

Health: -1/62      AC:  8    Str: 13    XL:     7   Next: 88%
Magic:  0/12       EV:  7    Int: 15    God:    Lugonu [***...]
Gold:   155        SH:  0    Dex: 11    Spells: 12/13 levels left

rFire   . . .      SeeInvis +   b - +2 hand axe (venom)
rCold   + . .      Faith    .   (no shield)
rNeg    . . .      Spirit   +   q - +2 scale mail {rC+}
rPois   +          Reflect  .   (no helmet)
rElec   .          Harm     .   p - +0 cloak
rCorr   .          Rampage  .   (no gloves)
Will    +....                   (no barding)
Stlth   +.........              g - amulet of guardian spirit
HPRegen 0.20/turn               t - ring of willpower
MPRegen 0.13/turn               (no ring)

@: very slow
A: AC +2, large, see invisible, deformed body, poison resistance, slowness 2,
spit poison 1, naga tail 1
a: Spit Poison, Renounce Religion, Depart the Abyss, Bend Space, Banish


You were on level 6 of the Dungeon.
You worshipped Lugonu.
Lugonu was most pleased with you.
You visited 1 branch of the dungeon, and saw 6 of its levels.

You collected 155 gold pieces.

Inventory:

Hand Weapons
 b - a +2 hand axe of venom (weapon)
 e - a +2 dagger of protection
 f - a +0 morningstar
Missiles
 a - 2 poisoned darts
 i - 34 bolts
 j - 126 stones
 n - 13 sling bullets
 x - 6 boomerangs
 y - 5 javelins
Armour
 c - a scarf of shadows
 h - a +0 ring mail
 p - a +0 cloak (worn)
 q - a +2 scale mail of cold resistance (worn)
Jewellery
 g - an amulet of guardian spirit (around neck)
 t - a ring of willpower (left hand)
Scrolls
 d - 2 scrolls of teleportation
 k - a scroll of amnesia {unknown}
 o - a scroll of vulnerability {unknown}
 s - a scroll of fear
 z - a scroll of noise {unknown}
 A - a scroll of blinking
Potions
 l - a potion of resistance {unknown}
 m - a potion of haste {unknown}
 r - a potion of magic {unknown}
 v - a potion of heal wounds {unknown}
 w - a potion of curing {unknown}
 B - a potion of ambrosia {unknown}


   Skills:
 + Level 3.0 Fighting
 - Level 1.1 Short Blades
 - Level 1.5 Dodging
 - Level 3.0 Stealth
 + Level 1.5 Unarmed Combat
 + Level 3.5 Spellcasting
 - Level 1.3 Transmutations
 + Level 2.5 Earth Magic
 * Level 7.5 Poison Magic
 + Level 3.2 Invocations


You had 12 spell levels left.
You knew the following spells:

 Your Spells              Type           Power      Damage    Failure   Level
a - Sting                 Tmut/Pois      60%        1d6       16%         1

Your spell library contained the following spells:

 Spells                   Type           Power      Damage    Failure   Level
 Poisonous Vapours        Pois/Air       28%        N/A       30%         2
 Olgreb's Toxic Radiance  Pois           25%        N/A       38%         4
 Animate Skeleton         Necr           4%         N/A       67%         1
 Apportation              Tloc           4%         N/A       67%         1
 Summon Small Mammal      Summ           8%         N/A       67%         1
 Mephitic Cloud           Conj/Pois/Air  10%        N/A       71%         3
 Leda's Liquefaction      Hex/Erth       3%         N/A       99%         4
 Lee's Rapid Deconstruct  Erth           5%         3d7*      100%        5
 Statue Form              Tmut/Erth      5%         N/A       100%        6


Dungeon Overview and Level Annotations

Branches:
Dungeon (6/15)
 Temple: D:4-7

Altars:
Ashenzari
Cheibriados
Hepliaklqana
Kikubaaqudgha
The Shining One
Lugonu

Annotations:
D:5 1 runed translucent door, Dowan; Duvessa; XVortexX's ghost, novice NaTm
D:6 Maggie


Innate Abilities, Weirdness & Mutations

Your serpentine skin is tough. (AC +2)
You have supernaturally acute eyesight. (SInv)
Armour fits poorly on your strangely shaped body.
Your system is resistant to poisons. (rPois)
You cover ground very slowly.
You can spit poison.
You have a snake-like lower body.


Message History

You barely miss Maggie.
Maggie is heavily wounded.
Maggie closely misses you.
You hit Maggie.
Maggie is heavily wounded.
You have got your breath back.
Maggie casts a spell.
Maggie attempts to bespell you!
You are mesmerised by Maggie!
Maggie hits you with a +0 broad axe.
* * * LOW HITPOINT WARNING * * *
Aiming: Spit Poison (1% risk of failure)
Press: ? - help, Q - select action, (/) - cycle Shift-Dir - straight line, f/p - Maggie
Aim: Maggie, wielding a +0 broad axe and wearing +0 acid dragon scales (heavily wounded, mesmerising, very poisoned, 59% to hit)
The splash of poison hits Maggie!
Maggie is severely wounded.
Maggie barely misses you.
Casting: Sting (safe; 16% risk of failure)
Confirm with . or Enter, or press ? or * to list all spells.
Aiming: Sting (safe; 16% risk of failure)
Press: ? - help, Shift-Dir - straight line, f/p - Maggie
Aim: Maggie, wielding a +0 broad axe and wearing +0 acid dragon scales (severely wounded, mesmerising, very poisoned, 74% to hit)
The sting hits Maggie but does no damage.
Maggie looks even sicker.
Maggie is severely wounded.
Maggie hits you with a +0 broad axe.
* * * LOW HITPOINT WARNING * * *
You hit Maggie.
Maggie looks as sick as possible!
Maggie is severely wounded.
You have got your breath back.
Maggie gestures at you while chanting. The bolt of fire hits you!
* * * LOW HITPOINT WARNING * * *
It was a potion of cancellation.
Your magical effects are unravelling.
You feel magically purged.
You break out of your daze.
Maggie points at you and mumbles some strange words.
The bolt of fire hits you.
You die...

### #<# #... #.# #....
####.###....
#........... .
#.##.###.### ..#
#.##.....###..$#
#.######.......#
#.#..@@'.......#
########.#.####....####
#........#.# #....#
#.######.#.# #.......
#.# ######.# #....##.'
#.# #......# #....# #
#.# #.###### #....# #.#
#.# #....# #.###.#


You could see Maggie (extremely poisoned).

Vanquished Creatures
  Prince Ribbit (D:5)
  A necrophage (D:5)
  An ogre (D:4)
  A phantom (D:4)
  A lemure (D:6)
  A scorpion (D:4)
  3 hounds
  Jessica (D:2)
  A hound skeleton (D:5)
  4 adders
  4 gnolls (D:3)
  An ufetubus (D:6)
  An adder zombie (D:5)
  An adder skeleton (D:4)
  3 worms
  A dart slug (D:4)
  12 orcs
  7 endoplasms
  3 giant cockroaches
  6 goblins
  9 hobgoblins
  4 jackals (D:5)
  2 ball pythons (D:4)
  2 bats
  3 kobolds
  3 rats
77 creatures vanquished.

Notes
Turn   | Place    | Note
-------+----------+-------------------------------------------
     0 | D:1      | tizbic2 the Naga Venom Mage began the quest for the Orb.
     0 | D:1      | Reached XP level 1. HP: 15/15 MP: 3/3
    35 | D:1      | Found a faded altar of an unknown god.
    44 | D:1      | Prayed at the altar of an unknown god.
    44 | D:1      | Became a worshipper of Lugonu the Unformed
    44 | D:1      | Reached * piety under Lugonu
    44 | D:1      | Reached ** piety under Lugonu
   431 | D:1      | Reached XP level 2. HP: 24/24 MP: 3/5
   701 | D:2      | Noticed Jessica
   707 | D:2      | Killed Jessica
   708 | D:2      | Reached skill level 1 in Fighting
   708 | D:2      | Reached XP level 3. HP: 29/31 MP: 6/6
   781 | D:2      | Reached skill level 5 in Poison Magic
   781 | D:2      | Reached skill level 1 in Invocations
   971 | D:2      | Reached XP level 4. HP: 38/38 MP: 2/7
  1438 | D:3      | Reached XP level 5. HP: 24/44 MP: 3/8
  1793 | D:3      | Reached skill level 1 in Earth Magic
  1848 | D:3      | Reached *** piety under Lugonu
  1850 | D:3      | Found a glowing golden altar of the Shining One.
  2117 | D:3      | Found a broken altar of Ashenzari.
  2117 | D:3      | Found a hazy altar of Hepliaklqana.
  2398 | D:4      | Reached skill level 6 in Poison Magic
  2398 | D:4      | Reached XP level 6. HP: 46/52 MP: 4/10
  2517 | D:4      | Reached skill level 1 in Short Blades
  2608 | D:4      | Found a snail-covered altar of Cheibriados.
  2742 | D:4      | Reached XP level 7. HP: 40/61 MP: 8/11
  2885 | D:3      | Found an ancient bone altar of Kikubaaqudgha.
  2961 | D:5      | Entered Level 5 of the Dungeon
  3024 | D:5      | Reached skill level 7 in Poison Magic
  3025 | D:5      | Noticed Dowan
  3248 | D:5      | Noticed Prince Ribbit
  3410 | D:5      | Noticed Duvessa
  3427 | D:5      | Killed Prince Ribbit
  3428 | D:5      | Reached skill level 1 in Unarmed Combat
  3874 | D:5      | Found a runed translucent door.
  3878 | D:5      | Noticed XVortexX's ghost (novice NaTm)
  4009 | D:6      | Noticed Maggie
  4039 | D:6      | HP: 2/62 [Maggie/bolt of fire (11)]
  4040 | D:6      | Killed from afar by Maggie

Illustrated notes

Levels and vault maps discovered:
D:1:      lightli_arrival_boilingwater, layout_loops_ring,
          ebering_ecumenical_altar_box, nrook_loot_triangle
D:2:      layout_rooms, uniq_jessica
D:3:      layout_loops_ring, mainiacjoe_overflow_six_doors_small,
          nicolae_overflow_hidden_temple
D:4:      layout_cave_pools, lemuel_coloured_pillars_altar, minmay_misc_feat_x
D:5:      black_bear_nest_2, layout_loops_ring, ebering_ghost_sewer_d,
          uniq_prince_ribbit1, uniq_duvessa
D:6:      layout_basic, kennysheep_ying_yang, nicolae_uskayaw_en_pointe,
          kennysheep_generic_room_2, uniq_edmund, uniq_pikel, uniq_maggie

Skill      XL: |  1  2  3  4  5  6  7 |
---------------+----------------------+-----
Fighting       | 1 2 3 |  3.0
Poison Magic   | 5 6 7 |  7.5
Invocations    | 1 2 3 |  3.2
Earth Magic    | 1 2 |  2.5
Short Blades   | 1 |  1.1
Spellcasting   | 3 |  3.5
Unarmed Combat | 1 |  1.5
Dodging        | |  1.5
Stealth        | |  3.0
Transmutations | |  1.3

Action                   |  1- 3 |  4- 6 |  7- 9 || total
-------------------------+-------+-------+-------++-------
Melee: Short sword       |     3 |       |       ||     3
       Dagger            |    22 |   109 |    71 ||   202
       Punch             |       |     2 |       ||     2
       Hand axe          |       |    28 |     5 ||    33
Throw: Boomerang         |       |       |     1 ||     1
 Cast: Sting             |    13 |    27 |    20 ||    60
Invok: Bend Space        |       |     1 |     2 ||     3
 Abil: Spit Poison       |    11 |    23 |    17 ||    51
  Use: Scroll            |       |     5 |     1 ||     6
       Potion            |       |       |     1 ||     1
Armor: Robe              |     4 |       |       ||     4
       Ring mail         |     6 |     8 |       ||    14
       Scale mail        |       |    55 |    72 ||   127
Dodge: Dodged            |     8 |    57 |    29 ||    94
